 Dungeon Sprint DCSS version 0.16.1-2-g95b8d4c (webtiles) character file.

1817 Lorak the Basher (level 8, 0/82 HPs)
             Began as a Minotaur Berserker on Mar 24, 2015.
             Was a High Priest of Trog.
             Slain by a demonic crawler (3 damage)
             ... in the Dungeon (Sprint I: "Red Sonja").
             The game lasted 00:06:09 (1214 turns).

Lorak the Basher (Minotaur Berserker)               Turns: 1214, Time: 00:06:09

Health: 0/82       AC:  6    Str: 22    XL:     8   Next: 85%
Magic:  3/3        EV: 17    Int:  4    God:    Trog [*****.]
Gold:   627        SH:  0    Dex: 12    Spells: 0 memorised, 7 levels left

rFire  . . .     SeeInvis .     a - +0 mace
rCold  . . .     Clarity  .     l - +2 leather armour {rPois}
rNeg   . . .     SustAb   .     (no shield)
rPois  +         Gourm    .     (helmet restricted)
rElec  .         Spirit   .     (no cloak)
rCorr  .         Warding  .     (no gloves)
rMut   .         NoTele   +     (no boots)
MR     .....                    (no amulet)
Stlth  +.........               (no ring)
                                (no ring)

@: not resistant to hostile enchantments, very unstealthy
A: retaliatory headbutt, horns 2
a: Burn Spellbooks, Berserk, Trog's Hand, Brothers in Arms, Renounce Religion


You were in the Dungeon.
You worshipped Trog.
Trog was extremely pleased with you.
You were near starving.

You visited 1 branch You collected 627 gold pieces.

Inventory:

Hand weapons
 a - a +0 mace (weapon)
Armour
 b - a +0 animal skin
 l - a +2 leather armour of poison resistance (worn)
Magical devices
 c - a wand of fireball (3)
 j - a wand of slowing (6)
 o - a wand of polymorph (12)
Scrolls
 i - a scroll of blinking
 m - a scroll of enchant weapon {unknown}
 p - a scroll of magic mapping {unknown}
Potions
 d - 2 potions of curing
 e - a potion of heal wounds
 f - a potion of haste
 g - 2 potions of magic
 h - a potion of berserk rage
 k - a potion of lignification {unknown}
 n - a potion of restore abilities {unknown}


   Skills:
 + Level 11.1 Fighting
 * Level 14.7 Maces & Flails
 + Level 10.8 Armour
 + Level 10.1 Dodging


You had 7 spell levels left.
You didn't know any spells.

Dungeon Overview and Level Annotations

Branches:
Dungeon (1/1)

Altars:
Cheibriados
Dithmenos
Elyvilon
Fedhas
Gozag
Kikubaaqudgha
Makhleb
Nemelex Xobeh
Okawaru
Qazlal
Ru
Sif Muna
Trog
Vehumet
Xom
Yredelemnul
Zin
The Shining One
Jiyva

Shops:
D (![


Innate Abilities, Weirdness & Mutations

You reflexively headbutt those who attack you in melee.
You have a pair of horns on your head.


Message History

* * * LOW HITPOINT WARNING * * *
You hit the demonic crawler!
You headbutt the demonic crawler, but do no damage.
The demonic crawler is almost dead.
The demonic crawler hits you!
* * * LOW HITPOINT WARNING * * *
The demonic crawler hits you.
* * * LOW HITPOINT WARNING * * *
The demonic crawler closely misses you.
You hit the demonic crawler. You headbutt the demonic crawler.
The demonic crawler is almost dead.
The demonic crawler hits you but does no damage.
The demonic crawler closely misses you. The demonic crawler barely misses you.
You hit the demonic crawler but do no damage.
The demonic crawler is almost dead.
You hit the demonic crawler. You headbutt the demonic crawler.
The demonic crawler is almost dead.
The demonic crawler hits you but does no damage.
The demonic crawler hits you.
You die...

##################
.#..'..#__#..')..#
.').#..'..'..#(..##+#
'#####'#__####..@sss#
.#...#(####§ #####s.+
##.(##.#§§§§ ##
_##'#..+§§§§
..'..)_#§≈≈§c#
_##_(#'##+####
_###'#(#...[###
####.####'###)##
..+...+.....'.∩#


You could see 4 demonic crawlers.

Vanquished Creatures
  A deep troll (D)
  2 kobold demonologists (D)
  Sonja (D)
  A slime creature (D)
  A yak (D)
  An ogre (D)
  Sigmund (D)
  A jelly (D)
  Ijyb (D)
  A giant eyeball (D)
  An ufetubus (D)
12 creatures vanquished.

Notes
Turn   | Place    | Note
--------------------------------------------------------------
     0 | D        | Lorak, the Minotaur Berserker, began the quest for the Orb.
     0 | D        | Reached XP level 1. HP: 19/19 MP: 1/1
     1 | D        | Noticed Ijyb
    22 | D        | Killed Ijyb
    22 | D        | Reached skill level 4 in Fighting
    22 | D        | Reached skill level 5 in Maces & Flails
    22 | D        | Reached XP level 2. HP: 19/28 MP: 1/1
    92 | D        | Noticed an ogre
    96 | D        | Killed an ogre
    96 | D        | Reached skill level 6 in Fighting
    96 | D        | Reached skill level 7 in Maces & Flails
    96 | D        | Reached skill level 5 in Armour
    96 | D        | Reached skill level 5 in Dodging
    96 | D        | Reached XP level 3. HP: 37/37 MP: 2/2
    96 | D        | Reached XP level 4. HP: 44/44 MP: 2/2
    98 | D        | Acquired Trog's second power
   160 | D        | Noticed Sigmund
   165 | D        | Killed Sigmund
   165 | D        | Reached skill level 9 in Maces & Flails
   165 | D        | Reached XP level 5. HP: 52/52 MP: 2/2
   221 | D        | Found a snail-covered altar of Cheibriados.
   221 | D        | Found a viscous altar of Jiyva.
   221 | D        | Found a shadowy altar of Dithmenos.
   221 | D        | Found a blossoming altar of Fedhas.
   221 | D        | Noticed a slime creature
   227 | D        | Killed a slime creature
   227 | D        | Reached skill level 10 in Maces & Flails
   227 | D        | Reached XP level 6. HP: 56/61 MP: 3/3
   402 | D        | Found a deep blue altar of Sif Muna.
   403 | D        | Noticed a jelly
   404 | D        | Found a radiant altar of Vehumet.
   411 | D        | Killed a jelly
   411 | D        | Reached skill level 11 in Maces & Flails
   488 | D        | Noticed a kobold demonologist
   489 | D        | Noticed a kobold demonologist
   495 | D        | Noticed a sun demon
   501 | D        | Paralysed by a giant eyeball for 2 turns
   507 | D        | Killed a kobold demonologist
   507 | D        | Reached skill level 12 in Maces & Flails
   507 | D        | Reached XP level 7. HP: 70/70 MP: 3/3
   513 | D        | Noticed a hellwing
   513 | D        | Killed a kobold demonologist
   513 | D        | Acquired Trog's third power
   513 | D        | Reached skill level 13 in Maces & Flails
   517 | D        | Received a gift from Trog
   607 | D        | Found Shryppiy's Distillery.
   607 | D        | Found a white marble altar of Elyvilon.
   607 | D        | Found a stormy altar of Qazlal.
   607 | D        | Found a burning altar of Makhleb.
   607 | D        | Found a sacrificial altar of Ru.
   607 | D        | Found a basalt altar of Yredelemnul.
   607 | D        | Found a glowing golden altar of the Shining One.
   607 | D        | Found a sparkling altar of Nemelex Xobeh.
   607 | D        | Found a shimmering altar of Xom.
   607 | D        | Found an opulent altar of Gozag.
   607 | D        | Found an ancient bone altar of Kikubaaqudgha.
   607 | D        | Found a glowing silver altar of Zin.
   607 | D        | Noticed a yak
   614 | D        | Killed a yak
   614 | D        | Reached skill level 10 in Fighting
   614 | D        | Reached XP level 8. HP: 59/79 MP: 3/3
   615 | D        | Found an iron altar of Okawaru.
   616 | D        | Found a bloodstained altar of Trog.
   703 | D        | Noticed Sonja
   746 | D        | Killed Sonja
   746 | D        | Reached skill level 10 in Armour
   969 | D        | Noticed a centaur warrior
   978 | D        | Found Braor's Antique Weapon Boutique.
  1000 | D        | Noticed a shining eye
  1000 | D        | Noticed a shining eye
  1000 | D        | Noticed a shining eye
  1000 | D        | Noticed a shining eye
  1000 | D        | Noticed a shining eye
  1010 | D        | Noticed a deep troll
  1018 | D        | Killed a deep troll
  1018 | D        | Reached skill level 14 in Maces & Flails
  1018 | D        | Reached skill level 10 in Dodging
  1164 | D        | Found Byan's Armour Emporium.
  1198 | D        | Noticed a demonic crawler
  1198 | D        | Noticed a demonic crawler
  1198 | D        | Noticed a demonic crawler
  1198 | D        | Noticed a demonic crawler
  1211 | D        | HP: 4/82 [demonic crawler (9)]
  1214 | D        | Slain by a demonic crawler

Action                   |  1- 3 |  4- 6 |  7- 9 || total
-------------------------+-------+-------+-------++-------
Melee: Mace              |    22 |    26 |    59 ||   107
Invok: Berserk           |     1 |     3 |     1 ||     5
  Eat: Bread ration      |       |     1 |       ||     1
